 Dungeon Crawl Stone Soup version 0.27-a0-1565-gad902ab807 (webtiles) character file.

Game seed: 11024221272323765811

88 bande the Shield-Bearer (level 4, -1/29 HPs)
             Began as a Gargoyle Fighter on July 16, 2021.
             Killed from afar by an orc wizard (7 damage)
             ... with a puff of flame
             ... on level 3 of the Dungeon.
             The game lasted 00:03:21 (2085 turns).

bande the Shield-Bearer (Gargoyle Fighter)          Turns: 2085, Time: 00:03:22

Health: -1/29      AC: 12    Str: 20    XL:     4   Next: 54%
Magic:  4/4        EV:  5    Int:  8    God:
Gold:   70         SH:  0    Dex: 10    Spells: 3/3 levels left

rFire    . . .     SeeInvis .   a - +0 war axe
rCold    . . .     Faith    .   c - +0 kite shield
rNeg     + . .     Spirit   .   h - +0 chain mail
rPois    ∞         Reflect  .   (no helmet)
rElec    +         Harm     .   (no cloak)
rCorr    .         Rampage  .   (no gloves)
Will     .....                  (no boots)
Stlth    ..........             (no amulet)
HPRegen  0.09/turn              (no ring)
MPRegen  0.09/turn              (no ring)

@: confused
A: sickness immunity, AC +3, negative energy resistance 1, electricity
resistance, torment resistance 1, petrification resistance
a: no special abilities


You were on level 3 of the Dungeon.
You visited 1 branch of the dungeon, and saw 3 of its levels.

You collected 70 gold pieces.

Inventory:

Hand Weapons
 a - a +0 war axe (weapon)
Armour
 c - a +0 kite shield (worn)
 h - a +0 chain mail (worn)
Scrolls
 f - a scroll of fear
 g - 2 scrolls of identify
Potions
 d - 2 potions of might
 e - a potion of ambrosia {unknown}


   Skills:
 + Level 3.7 Fighting
 + Level 2.7 Axes
 + Level 3.8 Armour
 + Level 0.6 Dodging
 + Level 4.0 Shields


You had 3 spell levels left.
You didn't know any spells.
Your spell library contained the following spells:

 Spells                   Type           Power      Damage    Failure   Level
 Pain                     Necr           0%         1d4       100%        1
 Slow                     Hex            0%         N/A       100%        2
 Confusing Touch          Hex            0%         N/A       100%        3
 Petrify                  Tmut/Erth      0%         N/A       100%        4
 Agony                    Necr           0%         N/A       100%        5
 Excruciating Wounds      Necr           0%         N/A       100%        5
 Metabolic Englaciation   Hex/Ice        0%         N/A       100%        5
 Yara's Violent Unravell  Hex/Tmut       0%         3d3       100%        5
 Statue Form              Tmut/Erth      Unusable   N/A       N/A         6

Dungeon Overview and Level Annotations

Branches:
Dungeon (3/15)

Altars:

Shops:
D:1 (


Innate Abilities, Weirdness & Mutations

You are immune to sickness and miasma.
Your stone body is resilient. (AC +3)
You are immune to poison.
You resist negative energy. (rN+)
You are resistant to electric shocks. (rElec)
You are resistant to unholy torment.
You are immune to petrification.


Message History

You kill the orc!
You hit the orc.
Your shield prevents you from hitting something.
Something hits you. The orc hits you but does no damage.
The worm bites you but does no damage. Something hits you.
The orc completely misses you.
You slash the worm!
You kill the worm!
You miss something. You slash the orc!
You kill the orc!
Something hits you but does no damage. Something hits you.
* * * LOW HITPOINT WARNING * * *
Found 24 bolts and 10 gold pieces.
You hear some strange, mumbled words.
A puff of flame appears from out of thin air!
The puff of flame hits you but does no damage.
Items here: ( ) ††.
You hear some strange, mumbled words.
A puff of flame appears from out of thin air!
The puff of flame misses you. Something hits you.
* * * LOW HITPOINT WARNING * * *
Items here: ( ) ††.
You miss something. Something hits you but does no damage.
You closely miss something.
You hear some strange, mumbled words.
You are confused.
Something hits you but does no damage.
You're too confused to move!
Something hits you but does no damage.
You hear some strange, mumbled words.
You are more confused.
Things that are here:
a +0 whip; an orc corpse You bump into the rock wall.
You miss something. Something hits you but does no damage.
You completely miss something.
Something hits you but does no damage. x2
You hear some strange, mumbled words.
A puff of flame appears from out of thin air!
The puff of flame hits you!
You die...

#.............#.#
###...##...######.#
#....####### o#
#.....##### .#
#..........
#...#######
#..........
#.....##### #.@..##
#.{))######
#..........
#..........
#..........
#..........
#..........
#..........
#(.......$.


There were no monsters in sight!

Vanquished Creatures
  3 adders
  2 worms
  2 dart slugs
  5 orcs (D:3)
  7 bats
  5 endoplasms
  4 goblins
  2 hobgoblins (D:1)
  4 jackals
  2 kobolds (D:1)
  A ball python (D:2)
  2 frilled lizards (D:2)
  4 rats
43 creatures vanquished.

Notes
Turn   | Place    | Note
-------+----------+-------------------------------------------
     0 | D:1      | bande the Gargoyle Fighter began the quest for the Orb.
     0 | D:1      | Reached XP level 1. HP: 14/14 MP: 1/1
    51 | D:1      | Found a faded altar of an unknown god.
    57 | D:1      | Found Ribbexku's Weapon Shop.
   516 | D:1      | Reached XP level 2. HP: 13/19 MP: 2/2
  1104 | D:2      | Reached XP level 3. HP: 23/23 MP: 3/3
  1446 | D:2      | Reached skill level 4 in Shields
  1795 | D:2      | Reached XP level 4. HP: 22/29 MP: 4/4
  2085 | D:3      | Killed from afar by an orc wizard

Illustrated notes

Levels and vault maps discovered:
D:1:      psy_arrival_heroes, layout_basic,
          ebering_ecumenical_altar_sacrificial, serial_shops, shop_statue
D:2:      layout_loops_ring, kennysheep_generic_room_14
D:3:      layout_basic, regret_index_temple_of_mockery,
          mainiacjoe_overflow_big_doors, portal_sewer_entry_a,
          serial_co_window_serial, co_window_corner_a, co_window_paths_a,
          co_window_paths_a, co_window_paths_a, co_window_of_opportunity_a,
          co_window_paths_a, co_window_paths_a, co_window_paths_c,
          co_window_2corner, co_window_broadway_a, co_window_paths_d,
          glass_columns_b, uniq_grinder

Skill      XL: |  1  2  3 |
---------------+----------+-----
Axes           | 2 |  2.7
Shields        | 4 |  4.0
Fighting       | |  3.7
Armour         | |  3.8
Dodging        | |  0.6

Action                   |  1- 3 |  4- 6 || total
-------------------------+-------+-------++-------
Melee: War axe           |    74 |    27 ||   101
  Use: Scroll            |     1 |       ||     1
Armor: Scale mail        |    33 |       ||    33
       Chain mail        |       |    28 ||    28
Dodge: Dodged            |    28 |     7 ||    35
Block: Kite shield       |    37 |    16 ||    53

Table legend: (Time is in decaauts)
 A = Elapsed time spent in this place.
 B = Non-inter-level travel time spent in this place.
 C = Inter-level travel time spent in this place.
 D = Time resting spent in this place.
 E = Time spent auto-exploring this place.
 F = Levels seen in this place.
 G = Mean time per level.
                   A        B        C        D        E       F      G
               +--------+--------+--------+--------+--------+-----+--------+
         Total |   2146 |   2146 |      0 |    493 |   1137 |   3 |  715.3 |
       Dungeon |   2146 |   2146 |      0 |    493 |   1137 |   3 |  715.3 |
               +--------+--------+--------+--------+--------+-----+--------+

Top non-repeatable levels by time:
     D:1: 1073 daAuts
     D:2: 901 daAuts
     D:3: 171 daAuts
